 Dungeon Crawl Stone Soup version 0.32-a0-391-gce5c0aab1b (webtiles) character file.

Game seed: 7745458375888612148

5137 Dittersdorf the Blocker (level 10, -2/64 (66) HPs)
             Began as a Gargoyle Fighter on Feb 19, 2024.
             Slain by a laughing skull (6 damage)
             ... on level 9 of the Dungeon.
             The game lasted 00:10:24 (8094 turns).

Dittersdorf the Blocker (Gargoyle Fighter)          Turns: 8094, Time: 00:10:24

HP:   -2/64 (66)    AC: 25    Str: 31    XL:     10   Next: 58%
MP:   0/10          EV: 10    Int:  8    God:
Gold: 1839          SH:  5    Dex:  9    Spells: 9/9 levels left

rFire   . . .        t - +5 flail (protect)
rCold   . . .        c - +0 buckler
rNeg    + . .        b - +0 scale mail
rPois   ∞            u - +0 helmet
rElec   +            (no cloak)
rCorr   .            (no gloves)
SInv    .            e - +0 pair of boots
Will    .....        s - amulet of guardian spirit Stlth
                     j - ring of flight
HPRegen 0.30/turn    f - +6 ring of strength
MPRegen 0.12/turn

%: guardian spirit
@: under a protective aura, flying, lightly drained
A: sickness immunity, AC +7, negative energy resistance 1, electricity
resistance, torment resistance 1, petrification resistance
a: no special abilities


You were on level 9 of the Dungeon.
You visited 2 branches of the dungeon, and saw 10 of its levels.
You also visited: Ossuary.

You collected 1839 gold pieces.

Inventory:

Hand Weapons
 t - a +5 flail of protection (weapon)
Armour
 b - a +0 scale mail (worn)
 c - a +0 buckler (worn)
 e - a +0 pair of boots (worn)
 u - a +0 helmet (worn)
Jewellery
 f - a +6 ring of strength (right hand)
 g - a ring of ice
 j - a ring of flight (left hand)
 k - a ring of magical power
 o - a ring of wizardry
 s - an amulet of guardian spirit (around neck)
Wands
 r - a wand of acid (9) (quivered)
 v - a wand of digging (7)
Scrolls
 l - a scroll of revelation
 m - a scroll of blinking
 p - 3 scrolls of teleportation
Potions
 a - 7 potions of heal wounds
 d - a potion of might
 h - 3 potions of mutation
 n - 2 potions of berserk rage
 q - 2 potions of haste


   Skills:
 + Level 9.1 Fighting
 + Level 8.0 Maces & Flails
 + Level 9.0 Armour
 + Level 9.1 Shields


You had 9 spell levels left.
You didn't know any spells.
Your spell library contained the following spells:

 Spells                   Type           Power      Damage    Failure   Level
 Apportation              Tloc           0%         N/A       65%         1
 Necrotise                Necr           0%         1d4       65%         1
 Sandblast                Erth           0%         2d4       65%         1
 Sting                    Conj/Alch      0%         1d3       65%         1
 Summon Small Mammal      Summ           0%         N/A       65%         1
 Passwall                 Erth           0%         N/A       95%         3
 Stone Arrow              Conj/Erth      0%         3d7       95%         3
 Volatile Blastmotes      Fire/Tloc      0%         2d10      95%         3
 Brom's Barrelling Bould  Conj/Erth      0%         2d3       100%        4
 Fulminant Prism          Conj/Alch      0%         3d5       100%        4
 Iskenderun's Mystic Bla  Conj/Tloc      0%         2d3       100%        4
 Olgreb's Toxic Radiance  Alch           0%         N/A       100%        4
 Vhi's Electric Charge    Tloc/Air       0%         N/A       100%        4
 Arcjolt                  Conj/Air       0%         1d10      100%        5
 Ozocubu's Refrigeration  Ice            0%         4d7       100%        7
 Discord                  Hex            0%         N/A       100%        8
 Maxwell's Capacitive Co  Air            0%         ∞         100%        8


Dungeon Overview and Level Annotations

Branches:
Dungeon (9/15)             Temple (1/1) D:5            Lair (0/5) D:8
Ossuary (visited)
    Orc: D:9-12

Altars:
Ashenzari
Cheibriados
Dithmenos
Elyvilon
Hepliaklqana
Makhleb
Nemelex Xobeh
Okawaru
Qazlal
Ru
Sif Muna
Trog
Vehumet
Wu Jian
Xom
Yredelemnul
Zin
The Shining One

Shops:
D:3 *   D:6 ?   D:7 [?(

Portals:
Bailey: D:9

Annotations:
D:7 2 runed translucent doors, timneilson's ghost, novice OpSh


Innate Abilities, Weirdness & Mutations

You are immune to sickness and miasma.
Your stone body is resilient. (AC +7)
You are immune to poison.
You resist negative energy. (rN+)
You are resistant to electric shocks. (rElec)
You are resistant to unholy torment.
You are immune to petrification.


Message History

You bludgeon the two-headed ogre!!
The two-headed ogre is heavily wounded.
You hear the creaking of a very distant portcullis.
The laughing skull headbutts you. The troll bites you but does no damage.
The troll claws you but does no damage. You block the troll's attack.
The orc warrior hits you but does no damage.
The acid dragon spits acid at you. The splash of acid hits you!!
* * * LOW HITPOINT WARNING * * *
You are too injured to fight recklessly!
You are too injured to fight recklessly!
You are too injured to fight recklessly!
You are too injured to fight recklessly!
You are too injured to fight recklessly!
You are too injured to fight recklessly!
You are too injured to fight recklessly!
You are too injured to fight recklessly!
You are too injured to fight recklessly!
You are too injured to fight recklessly!
You are too injured to fight recklessly!
You are too injured to fight recklessly!
You are too injured to fight recklessly!
You are too injured to fight recklessly!
You are too injured to fight recklessly!
You are too injured to fight recklessly!
You are too injured to fight recklessly!
As you read the scroll of fear, it crumbles to dust.
You assume a fearsome visage.
The troll looks frightened!
The acid dragon looks frightened!
The laughing skull is unaffected.
The two-headed ogre looks frightened!
The orc warrior looks frightened!
The laughing skull gibbers with scorn.
The bolt of negative energy hits you! You partially resist.
You feel drained.
* * * LOW HITPOINT WARNING * * *
The laughing skull barely misses you.
Things that are here:
a +0 spear; a +0 ring mail; a gnoll corpse The laughing skull attacks as it pursues you!
The laughing skull headbutts you!
You die...
The laughing skull crumbles to pieces from sheer joy.

# ..## ## ..# .#
#.##.# #..#.#
#TD#.# ##..#.# ..
##.z#..# #.#
#$.#@.# #.~##
.$.o..†##~.#
#^.##.ß..ßO##..##
. #.#
#...########...#
#. #.#
###..~..~~..~..##
.##.#
#...~..~..~..≈.#
...#
#.#....~..~...##
..# #
#).##.~....~.##
#.# #
##..##########
####.### #


You could see a troll (fleeing) and a laughing skull.

Vanquished Creatures
  A komodo dragon (D:8)
  A hornet (D:8)
  Sigmund (D:5)
  5 yaks (D:9)
  2 wyverns
  A steam dragon (D:9)
  Edmund (D:5)
  3 water moccasins
  An ice beast (D:5)
  A sky beast (D:7)
  2 ogres
  A centaur (D:6)
  A phantom (D:6)
  2 elf zombies (Ossuary)
  9 bullfrogs
  A gnoll sergeant (D:9)
  6 wights
  6 killer bees (D:7)
  2 howler monkeys
  2 hounds
  2 centaur zombies (Ossuary)
  An orc priest (D:7)
  2 bombardier beetles
  3 human zombies (Ossuary)
  2 sleepcaps
  5 orc wizards
  2 iguanas (D:6)
  5 hound zombies (Ossuary)
  3 mummies
  4 gnolls (D:2)
  10 adders
  A white imp (D:6)
  2 ufetubi (D:6)
  6 adder zombies (Ossuary)
  2 dart slugs
  12 orcs
  7 ball pythons
  9 endoplasms
  7 giant cockroaches
  7 goblins
  6 hobgoblins
  4 quokkas
  6 bats
  A frilled lizard (D:3)
  6 gnoll zombies (Ossuary)
  4 jackal zombies (Ossuary)
  3 kobolds
  6 kobold zombies (Ossuary)
  3 orc zombies (Ossuary)
  6 rats
186 creatures vanquished.

Notes
Turn   | Place    | Note
-------+----------+-------------------------------------------
     0 | D:1      | Dittersdorf the Gargoyle Fighter began the quest for the
                  | Orb.
     0 | D:1      | Reached XP level 1. HP: 14/14 MP: 1/1
   122 | D:1      | Reached XP level 2. HP: 8/19 MP: 2/2
   713 | D:1      | Reached XP level 3. HP: 16/23 MP: 3/3
  1241 | D:2      | Reached XP level 4. HP: 26/29 MP: 4/4
  1468 | D:2      | Reached XP level 5. HP: 31/33 MP: 5/5
  2045 | D:3      | Found Yxkad's Assorted Antiques.
  2118 | D:3      | Found a sacrificial altar of Ru.
  2218 | D:3      | Found a shadowy altar of Dithmenos.
  2321 | D:3      | Found a shimmering blue altar of Sif Muna.
  2331 | D:3      | Found a basalt altar of Yredelemnul.
  2832 | D:4      | Identified a scroll of acquirement
  2832 | D:4      | Acquired 1273 gold pieces
  2852 | D:4      | Noticed an ogre
  3230 | D:4      | Reached XP level 6. HP: 39/39 MP: 6/6
  3301 | D:4      | Found a bloodstained altar of Trog.
  3347 | D:4      | Found a snail-covered altar of Cheibriados.
  3546 | D:4      | Reached skill level 5 in Shields
  3551 | D:4      | Reached skill level 5 in Fighting
  3551 | D:4      | Reached skill level 5 in Armour
  3718 | D:5      | Entered Level 5 of the Dungeon
  3769 | D:5      | Reached XP level 7. HP: 43/44 MP: 7/7
  3888 | D:5      | Found a staircase to the Ecumenical Temple.
  3905 | Temple   | Entered the Ecumenical Temple
  4054 | D:5      | Noticed Edmund
  4077 | D:5      | Killed Edmund
  4296 | D:5      | Noticed Sigmund
  4309 | D:5      | Killed Sigmund
  4310 | D:5      | Reached XP level 8. HP: 34/51 MP: 5/8
  4518 | D:6      | Reached skill level 5 in Maces & Flails
  4521 | D:6      | Found a sparkling altar of Nemelex Xobeh.
  4558 | D:6      | Found a sand-covered staircase.
  4571 | Ossuary  | Entered an ossuary
  5067 | D:6      | Found Sokh's Magic Scroll Shop.
  5102 | D:6      | Reached XP level 9. HP: 54/56 MP: 9/9
  5115 | D:6      | Found an iron altar of Okawaru.
  6069 | D:7      | Found Tagidgh's Weapon Emporium.
  6071 | D:7      | Found Diqim's Magic Scroll Emporium.
  6073 | D:7      | Found a large runed translucent door.
  6075 | D:7      | Found a large runed translucent door.
  6076 | D:7      | Found Tasaweum's Armour Emporium.
  6334 | D:7      | Noticed timneilson's ghost (novice OpSh)
  6344 | D:7      | Found a stormy altar of Qazlal.
  7088 | D:8      | Found an ornate altar of the Wu Jian Council.
  7112 | D:8      | Reached XP level 10. HP: 64/64 MP: 10/10
  7695 | D:8      | Found a staircase to the Lair.
  7890 | D:9      | Found a flagged portal.
  7907 | D:9      | Identified the +1 leather armour of Honesty {rElec rPois
                  | rF++ Dex-3}
  8087 | D:9      | Noticed a two-headed ogre
  8092 | D:9      | HP: 3/64 [laughing skull/bolt of negative energy (7)]
  8094 | D:9      | Slain by a laughing skull

Illustrated notes

Levels and vault maps discovered:
D:1:      ncdulo_wetmaze, layout_basic, dreamdust_wishing_well,
          minmay_pentomino_p4
D:2:      layout_rooms
D:3:      layout_basic, minitemple, mainiacjoe_overflow_catwalk,
          amcnicky_altar_gilded, serial_shops,
          nicolae_shop_temple_entry_statues_fountains, minmay_crystal_room
D:4:      layout_basic, mainiacjoe_overflow_six_doors_small,
          kennysheep_mini_moat
D:5:      layout_gridville, minmay_temple_entry_tees, serial_bayou_lagoon_a,
          uniq_sigmund, uniq_edmund
D:6:      layout_basic, lemuel_doored_altar, kennysheep_little_box,
          nicolae_overflow_hidden_temple, serial_shops, shop_statue,
          gup_ossuary_entry_pyramid
D:7:      layout_basic, mainiacjoe_overflow_small_starburst,
          ebering_ghost_disaster_area, nicolae_shop_distant_corner_stores,
          chequers_serial_rivers_micro_e
D:8:      layout_loops_ring, nicolae_overflow_crystal_walls,
          david_lair_shrubbed, kennysheep_big_empty_room, serial_bayou_pond_d,
          chequers_serial_rivers_small_3, patterned_corridor
D:9:      lemuel_bear_cage, layout_loops_cross, serial_glass, glass_columns_a,
          glass_columns_c, glass_columns_a, glass_columns_c, glass_columns_a,
          glass_columns_c, serial_shops, shop, enter_bailey_5, nzn_random_ring
Temple:   nicolae_temple_two_arcs

Skill      XL: |  1  2  3  4  5  6  7  8  9 10 |
---------------+-------------------------------+-----
Armour         | 4 5 6 8 9 |  9.0
Shields        | 4 5 6 8 9 |  9.1
Fighting       | 4 5 6 8 9 |  9.1
Maces & Flails | 3 4 5 7 8 |  8.0

Action                     |  1- 3 |  4- 6 |  7- 9 | 10-12 || total
---------------------------+-------+-------+-------+-------++-------
  Melee: Flail             |    90 |   201 |   375 |    94 ||   760
         Unarmed           |       |       |    17 |       ||    17
    Use: Scroll            |       |    11 |     8 |     1 ||    20
   Stab: Confused          |       |       |     1 |       ||     1
 Armour: Scale mail        |    59 |   130 |   268 |    89 ||   546
         Skin              |       |       |     6 |       ||     6
  Dodge: Dodged            |    56 |   100 |   191 |    37 ||   384
  Block: Buckler           |    15 |    76 |    83 |    24 ||   198
         Reflection        |       |     1 |       |       ||     1

Table legend: (Time is in decaauts)
 A = Elapsed time spent in this place.
 B = Non-inter-level travel time spent in this place.
 C = Inter-level travel time spent in this place.
 D = Time resting spent in this place.
 E = Time spent auto-exploring this place.
 F = Levels seen in this place.
 G = Mean time per level.
                   A        B        C        D        E       F      G
               +--------+--------+--------+--------+--------+-----+--------+
         Total |   8234 |   7811 |    423 |    181 |   5712 |  11 |  748.5 |
       Dungeon |   7885 |   7462 |    423 |    181 |   5580 |   9 |  876.1 |
        Temple |      1 |      1 |      0 |      0 |      0 |   1 |    1.0 |
       Ossuary |    347 |    347 |      0 |      0 |    132 |   1 |  347.0 |
               +--------+--------+--------+--------+--------+-----+--------+

Top non-repeatable levels by time:
     D:6: 1251 daAuts
     D:1: 1192 daAuts
     D:8: 1017 daAuts
     D:3: 947 daAuts
     D:7: 887 daAuts
     D:2: 881 daAuts
     D:4: 781 daAuts
     D:5: 721 daAuts
 Ossuary: 347 daAuts
     D:9: 205 daAuts
  Temple: 1 daAuts
